 Dungeon Crawl Stone Soup version 0.26-a0-757-g626ac9e51a (webtiles) character file.

Game seed: 14025116271161788402

13 miscthings the Sneak (level 2, 0/27 HPs)
             Began as a Palentonga Delver on Nov 8, 2020.
             Succumbed to an orc's poison
             ... on level 3 of the Dungeon.
             The game lasted 00:01:17 (331 turns).

miscthings the Sneak (Palentonga Delver)             Turns: 331, Time: 00:01:18

Health: 0/27       AC:  4    Str: 15    XL:     2   Next: 24%
Magic:  2/2        EV:  9    Int: 10    God:
Gold:   11         SH:  0    Dex: 11    Spells: 1/1 levels left

rFire    . . .     SeeInvis +   a - +0 hand axe
rCold    . . .     Faith    .   (no shield)
rNeg     . . .     Spirit   .   b - +0 leather armour
rPois    .         Reflect  .   (no helmet)
rElec    .         Harm     .   (no cloak)
rCorr    .         Rampage  .   (no gloves)
MR       .....                  (no barding)
Stlth    ++........             (no amulet)
HPRegen  0.09/turn              (no ring)
MPRegen  0.08/turn              (no ring)

@: lethally poisoned (0 -> -15)
A: large, rugged brown scales 3, see invisible, deformed body, roll, armoured
tail
a: Rolling Charge


You were on level 3 of the Dungeon.
You visited 1 branch of the dungeon, and saw 3 of its levels.

You collected 11 gold pieces.

Inventory:

Hand Weapons
 a - a +0 hand axe (weapon)
Armour
 b - a +0 leather armour (worn)
Wands
 g - a wand of digging (3)
Scrolls
 c - a scroll of fog
 d - a scroll of magic mapping
 h - a scroll of enchant weapon {unknown}
 i - a scroll of noise {unknown}
Potions
 f - a potion of haste


   Skills:
 - Level 3.0 Fighting
 + Level 3.0 Axes
 - Level 1.5 Dodging
 - Level 3.3 Stealth


You had one spell level left.
You didn't know any spells.
Your spell library was empty.

Dungeon Overview and Level Annotations

Branches:
Dungeon (5/15)
 Temple: D:4-7

Altars:
The Shining One


Innate Abilities, Weirdness & Mutations

You are completely covered in rugged brown scales. (AC +3, +7% HP)
You have supernaturally acute eyesight. (SInv)
Armour fits poorly on your strangely shaped body.
You can roll at foes to attack.
You have a long armoured tail.


Message History

An orc comes into view. It is wielding a +0 mace of protection.
The kobold gives up.
The orc shouts!
You hear a shout! 3 gnolls come into view.
The gnoll shouts!
You hear an angry hiss.
You hear a shout!
The gnoll shouts!
The gnoll shouts!
The orc shouts!
You hear a shout! x2
The orc throws a poisoned dart.
The poisoned dart hits you!
You are lethally poisoned!
You see here a poisoned dart.
* * * LOW HITPOINT WARNING * * *
You feel sick.
The orc throws a poisoned dart.
The poisoned dart hits you!
You are more poisoned.
You see here a poisoned dart.
* * * LOW HITPOINT WARNING * * *
You feel sick.
Okay, then.
* * * LOW HITPOINT WARNING * * *
You feel sick.
You die...

#..#.#######
#........o.#
#..>...###.#####.##
##.##.#.#.....g.g.g.
#...#.#.#.#o######.#
.###..#o#.#g# .#
#####.#.#.#.######.##.#
##.###..#.#o#.........#
#.#.##..o...g(..@.....#
#...##...##...####.##.#
.......$o..K.... #
..........###.###
....o##...# #.#
..$..##...# #.#
.#............#
..............#
.#..###...###


You could see a gnoll, an orc and a kobold.

Vanquished Creatures
  An ooze (D:3)
  A goblin zombie (D:4)
  A hobgoblin zombie (D:4)
  2 kobold skeletons (D:4)
  2 kobold zombies (D:4)
  2 orc skeletons (D:4)
  4 orc zombies (D:4)
13 creatures vanquished.

Notes
Turn   | Place    | Note
-------+----------+-------------------------------------------
     0 | D:5      | miscthings the Palentonga Delver began the quest for the
                  | Orb.
     0 | D:5      | Reached XP level 1. HP: 20/20 MP: 1/1
    56 | D:4      | Reached XP level 2. HP: 24/27 MP: 2/2
    57 | D:4      | Found a glowing golden altar of the Shining One.
    57 | D:4      | Noticed a crimson imp
   330 | D:3      | HP: 1/27 [poisoned by an orc]
   331 | D:3      | Succumbed to an orc's poison

Illustrated notes

Levels and vault maps discovered:
D:3:      layout_loops_ring, gammafunk_temple_overflow_statue, elyvilon_altar_3,
          uniq_grinder, uniq_terence
D:4:      layout_rooms, serial_shops, shop, minivault_4,
          nicolae_tso_besieged_by_evil
D:5:      layout_loops_ring, bloody_makhleb, lemuel_round_altar,
          gammafunk_ghost_hive, trog_book

Skill      XL: |  1  2 |
---------------+-------+-----
Axes           | 3 |  3.0
Fighting       | |  3.0
Dodging        | |  1.5
Stealth        | |  3.3

Action                   || total
-------------------------++-------
Melee: Hand axe          ||    47
       Tailslap          ||     4
 Abil: Rolling Charge    ||     1
  Use: Scroll            ||     1
Armor: Leather armour    ||    15
Dodge: Dodged            ||    24

Table legend: (Time is in decaauts)
 A = Elapsed time spent in this place.
 B = Non-inter-level travel time spent in this place.
 C = Inter-level travel time spent in this place.
 D = Time resting spent in this place.
 E = Time spent auto-exploring this place.
 F = Levels seen in this place.
 G = Mean time per level.
                   A        B        C        D        E       F      G
               +--------+--------+--------+--------+--------+-----+--------+
         Total |    338 |    338 |      0 |    166 |      5 |   3 |  112.7 |
       Dungeon |    338 |    338 |      0 |    166 |      5 |   3 |  112.7 |
               +--------+--------+--------+--------+--------+-----+--------+

Top non-repeatable levels by time:
     D:3: 257 daAuts
     D:4: 72 daAuts
     D:5: 9 daAuts
